AoeStats
← Phanatic

QS Arena

503117868Analyzed
4v4 RM · 1mo ago on Aug 30, 2026· 36m 48s· 8 players
Game mode
Random Map
Map size
Large (8 player)
Population
200
Speed
Normal
Resources
Standard
Victory
Conquest
Starting age
Dark Age
Ending age
Imperial Age
RankedLock teamsTeams togetherTeam positionsShared explorationLock speedFull tech treeHidden civsTurbo modeCheats
Victory
Defeat
🇺🇸 Celts · United States
1482
+9
🇹🇷 Malians · Türkiye
1430
+11
🇹🇼 Franks · Taiwan
1400
+12
🇵🇪 Japanese · Peru
1390
+12
🇨🇭 Wei · Switzerland
1457
-17
🇨🇭 Ethiopians · Switzerland
1355
-13
🇺🇸 Tupi · United States
1257
-9
🇩🇪 Persians · Germany
1163
-6
PaRappa56
3:09 Loom
8:00 Feudal Age
12:03 Castle Age
10:30 Double-Bit Axe
11:34 Horse Collar
12:43 Gold Mining
13:49 Loom
13:49 Town Watch
21:03 Bow Saw
25:47 Pikeman
26:29 Scale Mail Armor
28:33 Wheelbarrow
31:40 Heavy Plow
34:00 Chain Mail Armor
33:55 Forging
36:40 Imperial Age
34:26 Hand Cart
34:15 Man-at-Arms
34:41 Gambesons
34:41 Arson
35:44 Stone Mining
35:26 Long Swordsman
Manuel24
7:50 Feudal Age
9:16 Wheelbarrow
12:04 Castle Age
10:50 Double-Bit Axe
18:06 Scale Mail Armor
20:32 Loom
22:30 Hand Cart
26:14 Chain Mail Armor
28:48 Forging
29:00 Bow Saw
33:47 Horse Collar
35:04 Gold Mining
大漁哥哥
8:25 Feudal Age
12:41 Castle Age
10:44 Double-Bit Axe
18:19 Wheelbarrow
20:55 Bow Saw
22:56 Hand Cart
24:21 Loom
27:13 Imperial Age
25:05 Gold Mining
26:21 Forging
26:49 Gold Shaft Mining
26:36 Stone Mining
27:06 Scale Barding Armor
27:04 Husbandry
27:41 Iron Casting
27:19 Cavalier
28:29 Chain Barding Armor
29:30 Chivalry
29:50 Conscription
30:42 Blast Furnace
29:09 Paladin
31:24 Hoardings
31:35 Plate Barding Armor
34:03 Siege Engineers
34:59 Chemistry
34:11 Masonry
35:26 Fortified Wall
35:37 Ballistics
36:13 Scale Mail Armor
35:35 Pikeman
Çıkmaz Sokak
7:01 Feudal Age
11:31 Castle Age
10:09 Horse Collar
11:27 Double-Bit Axe
18:48 Wheelbarrow
19:06 Gold Mining
20:31 Scale Mail Armor
24:45 Chain Mail Armor
28:20 Forging
31:04 Imperial Age
29:15 Forging
29:05 Stone Mining
29:30 Bow Saw
30:05 Heavy Plow
30:41 Gold Shaft Mining
31:42 Stone Shaft Mining
31:43 Iron Casting
32:31 Crop Rotation
33:05 Conscription
33:29 Elite Gbeto
35:50 Plate Mail Armor
35:42 Hand Cart
35:12 Loom
Phanatic
9:10 Feudal Age
13:00 Castle Age
13:15 Double-Bit Axe
13:14 Horse Collar
16:30 Fletching
21:02 Heavy Plow
21:16 Bow Saw
25:38 Imperial Age
23:50 Ballistics
23:39 Padded Archer Armor
24:30 Bodkin Arrow
26:26 Leather Archer Armor
27:27 Wheelbarrow
27:14 Bracer
28:45 Chemistry
28:22 Gold Mining
34:16 Forging
34:37 Ring Archer Armor
34:09 Scale Mail Armor
34:39 Hand Cart
34:26 Pikeman
35:41 Halberdier
Vermint
8:13 Feudal Age
12:16 Castle Age
10:14 Double-Bit Axe
11:10 Horse Collar
14:03 Bow Saw
15:26 Wheelbarrow
16:38 Loom
17:30 Scale Barding Armor
19:59 Heavy Plow
20:42 Bloodlines
21:46 Husbandry
22:41 Hand Cart
24:04 Town Watch
31:10 Imperial Age
29:46 Chain Barding Armor
29:36 Forging
31:43 Heavy Hei Guang Cavalry
33:21 Light Cavalry
35:22 Iron Casting
35:10 Conscription
35:42 Ming Guang Armor
Abgushtdizi
8:29 Feudal Age
6:48 Loom
8:33 Feudal Age
16:37 Castle Age
15:06 Double-Bit Axe
15:16 Gold Mining
20:22 Husbandry
20:33 Bloodlines
21:48 Bow Saw
21:24 Horse Collar
22:45 Scale Barding Armor
24:23 Caravan
24:43 Forging
30:17 Imperial Age
28:31 Wheelbarrow
27:42 Town Watch
30:52 Devotion
31:00 Cavalier
34:16 Murder Holes
ElacraiTGs
7:26 Feudal Age
11:00 Castle Age
9:35 Double-Bit Axe
9:32 Horse Collar
12:25 Bow Saw
12:16 Heavy Plow
17:33 Loom
28:43 Wheelbarrow
28:00 Gold Mining
28:25 Stone Mining
34:22 Imperial Age
33:04 Fletching
33:42 Crossbowman
35:05 Bodkin Arrow
36:13 Chemistry
36:25 Ballistics
36:48 Thumb Ring
36:54 Bracer
Connection lost

Rejoining the realm…

Still unreachable

The connection could not be restored.

Session expired

The server has moved on; the page needs a fresh start.